 Dungeon Crawl Stone Soup version 0.32-a0-791-gfc315c9ecd (webtiles) character file.

Game seed: 15671806578057730085

374 ezpacito the Trooper (level 6, -2/48 HPs)
             Began as a Coglin Chaos Knight on Mar 20, 2024.
             Was a Plaything of Xom.
             Slain by a troll (6 damage)
             ... on level 4 of the Dungeon.
             The game lasted 00:03:53 (3339 turns).

ezpacito the Trooper (Coglin Chaos Knight)          Turns: 3339, Time: 00:03:53

Health: -2/48      AC: 11    Str: 19    XL:     6   Next: 72%
Magic:  7/7        EV:  7    Int: 10    God:    Xom [.....*]
Gold:   163        SH:  0    Dex: 12    Spells: 7/7 levels left

rFire   . . .        a - +0 hand axe (chaos) {Ealdgyð}
rCold   . . .        f - +2 flail (drain) {Zarja}
rNeg    . . .        j - +0 chain mail
rPois   .            (no helmet)
rElec   +            r - +1 cloak
rCorr   .            (no gloves)
SInv    .            (no boots)
Will    .....        (amulet unavailable) Stlth
                     (ring unavailable)
HPRegen 0.28/turn    (ring unavailable)
MPRegen 0.10/turn    (no gizmo)

%: no passive effects
@: revving
A: off-hand wielding, slow wielding, warmup strikes, no jewellery, sense
surroundings 1, electricity resistance, strong 1
a: Invent Gizmo, Renounce Religion


You were on level 4 of the Dungeon.
You worshipped Xom.
You were Xom's teddy bear.
You visited 1 branch of the dungeon, and saw 5 of its levels.

You collected 163 gold pieces.

Inventory:

Hand Weapons
 a - a +0 hand axe of chaos (weapon) {Ealdgyð}
 f - a +2 flail of draining (offhand) {Zarja}
 g - a +1 dagger of freezing {Duaenre}
 n - a +0 spear
Missiles
 b - 4 boomerangs (quivered)
Armour
 j - a +0 chain mail (worn)
 r - a +1 cloak (worn)
Magical Staves
 i - a staff of fire
Talismans
 e - a beast talisman
Wands
 o - a wand of acid (8)
Scrolls
 c - a scroll of silence
 d - a scroll of brand weapon
 k - 2 scrolls of fog
Potions
 h - a potion of haste
 l - 2 potions of heal wounds
 m - a potion of mutation
 p - a potion of lignification
 q - a potion of curing


   Skills:
 * Level 4.3 Fighting
 * Level 4.0(4.2) Axes
 + Level 1.5(2.8) Polearms
 * Level 3.0 Armour
 * Level 2.4 Dodging
 + Level 1.4 Stealth
 + Level 1.1 Spellcasting
 + Level 0.0 Evocations


You had 7 spell levels left.
You didn't know any spells.
Your spell library contained the following spells:

 Spells                   Type           Power      Damage    Failure   Level
 Magic Dart               Conj           0%         1d3       96%         1
 Blink                    Tloc           0%         N/A       99%         2
 Call Imp                 Summ           0%         N/A       99%         2
 Cigotuvi's Dreadful Rot  Necr/Alch/Air  0%         N/A       99%         2
 Ensorcelled Hibernation  Hex/Ice        0%         N/A       99%         2
 Fugue of the Fallen      Necr           0%         N/A       100%        3
 Anguish                  Hex/Necr       0%         N/A       100%        4
 Dispel Undead            Necr           0%         3d6       100%        4
 Martyr's Knell           Necr/Summ      0%         N/A       100%        4


Dungeon Overview and Level Annotations

Branches:
Dungeon (5/15)             Temple (0/1) D:4

Altars:
Qazlal

Annotations:
D:4 2 transporters, discipleofbeogh's ghost, novice GrEE


Innate Abilities, Weirdness & Mutations

You can wield a second weapon in your off-hand.
It takes a long time for you to wield or remove held weapons.
Your first few attacks do less damage.
You cannot equip rings or amulets.
You passively map a small area around you.
You are resistant to electric shocks. (rElec)
Your muscles are strong. (Str +4, Int/Dex -1)


Message History

Partly explored, unvisited transporter.
Health restored: 48 Partly explored, unvisited transporter.
No target in view!
Partly explored, unvisited transporter.
What level of the Dungeon? (default 4, ? - help)
Things that are here:
4 stones; a +0 short sword
There is a stone staircase leading down here.
You climb downwards.
The troll shouts!
The water moccasin hisses angrily.
The shadow imp shouts, "Crawl home, thou bawdy tip-merry mule!"
The iguana hisses angrily.
You hear a shout!
You hear an angry hiss.
You hear a bark!
You hear two shouts!
There is a stone staircase leading up here.
There are monsters nearby!
The troll bites you. The troll barely misses you. The troll claws you.
You climb upwards.
Level annotation: 2 transporters, discipleofbeogh's ghost, novice GrEE
There is a stone staircase leading down here.
You take 5 damage, and have 43/48 hp.
You hit the troll with your +0 hand axe of chaos.
The troll is lightly wounded.
You hit the troll but do no damage. The troll bites you! The troll claws you!
The troll claws you.
You take 26 damage, and have 17/48 hp.
MASSIVE DAMAGE!!
You are too injured to fight recklessly!
You are too injured to fight recklessly!
You are too injured to fight recklessly!
Okay, then.
Aiming: Corrosive Bolt
Press: ? - help, Shift-Dir - straight line, f - troll
Aim: a troll (lightly wounded, 71% to hit)
The bolt of acid hits the troll!
The acid corrodes the troll!
The troll is heavily wounded.
The troll bites you!
* * * LOW HITPOINT WARNING * * *
The troll claws you.
You die...
Xom is highly amused!

#..†..##### #####
#.###.....############# #....
#.# #####.............#####.)..
#.# ########..[##.......... #.#
####..(...###........... #.#
#....###### #...######## ###.#
#........# ##..##©...... ....#
###........###...#ß.......
###.##
#........@.......#....!...
#..###.##.....T.##....#........
##......##.......###..©#?...©...
#..##..###....[..# ##..#).......
#..#....####.##### #..#........
#######.## #.# #..#ßK...... ...
* #..# #.# #..##co(.... ⌠...
##.###.# #...######## ..>..*
#..##.# #...........


You could see a troll (corroded).

Vanquished Creatures
  A sky beast (D:3)
  A hound (D:4)
  A jelly (D:4)
  Natasha (thrice) (D:3)
  3 adders
  4 gnolls (D:4)
  2 dart slugs (D:2)
  An orc (D:3)
  5 bats (D:1)
  8 endoplasms
  3 giant cockroaches
  4 goblins
  5 hobgoblins
  11 jackals (D:1)
  2 quokkas
  5 ball pythons
  12 frilled lizards
  4 kobolds
  2 rats
77 creatures vanquished.

Vanquished Creatures (others)
  2 orcs (D:3)
  An endoplasm (D:2)
3 creatures vanquished.

Grand Total: 80 creatures vanquished

Notes
Turn   | Place    | Note
-------+----------+-------------------------------------------
     0 | D:1      | ezpacito the Coglin Chaos Knight began the quest for the
                  | Orb.
     0 | D:1      | Reached XP level 1. HP: 18/18 MP: 1/1
    64 | D:1      | Reached skill level 1 in Dodging
    69 | D:1      | Reached XP level 2. HP: 20/24 MP: 2/2
   190 | D:1      | XOM: silly message
   200 | D:1      | Reached XP level 3. HP: 17/29 MP: 3/3
   394 | D:1      | Found a faded altar of an unknown god.
   473 | D:1      | XOM: silly message
   828 | D:2      | XOM: smoke on damage
  1096 | D:2      | XOM: 1-stop teleportation journey
  1163 | D:2      | XOM: cloud trail
  1228 | D:2      | Reached XP level 4. HP: 30/35 MP: 4/4
  1593 | D:2      | XOM: noise
  1720 | D:3      | XOM: noise
  1755 | D:3      | Noticed Natasha
  1761 | D:3      | Killed Natasha
  1762 | D:3      | Reached skill level 1 in Polearms
  1832 | D:3      | Found a stormy altar of Qazlal.
  1832 | D:3      | Noticed a sky beast
  1839 | D:3      | XOM: summons 4 friendly demons
  1877 | D:3      | Killed a sky beast
  1878 | D:3      | Reached skill level 1 in Stealth
  1878 | D:3      | Reached XP level 5. HP: 31/42 MP: 4/6
  1982 | D:3      | Noticed Natasha
  1991 | D:3      | Killed Natasha
  2068 | D:3      | Noticed Natasha
  2081 | D:3      | Killed Natasha
  2082 | D:3      | Reached XP level 6. HP: 15/48 MP: 7/7
  2197 | D:3      | Reached skill level 1 in Spellcasting
  2315 | D:3      | XOM: divination: detect items
  2352 | D:3      | XOM: destruction
  2571 | D:3      | XOM: give mutations
  2571 | D:3      | Gained mutation: Your muscles are strong. (Str +4, Int/Dex
                  | -1) [Xom's grace]
  2571 | D:3      | Gained mutation: You passively map a small area around you.
                  | [Xom's grace]
  2571 | D:3      | Gained mutation: You are resistant to electric shocks.
                  | (rElec) [Xom's grace]
  2790 | D:4      | Found a transporter.
  2790 | D:4      | Noticed discipleofbeogh's ghost (novice GrEE)
  2805 | D:4      | Found a transporter.
  2863 | D:4      | XOM: potion effect (haste)
  3288 | D:4      | XOM: god gift: staff of fire
  3334 | D:5      | Entered Level 5 of the Dungeon
  3334 | D:5      | Noticed a troll
  3334 | D:5      | Noticed a water moccasin
  3339 | D:4      | Slain by a troll

Illustrated notes

Levels and vault maps discovered:
D:1:      dpeg_arrival_arbitrary_a, layout_basic,
          dreamdust_ecumenical_altar_statues, minmay_vboxes
D:2:      layout_basic, minmay_lizard_pond
D:3:      layout_basic, nicolae_qazlal_beasts_of_the_sky, grunt_decor_cap,
          uniq_natasha
D:4:      layout_rooms, minmay_temple_entry_from_below_b, gammafunk_ghost_arena
D:5:      layout_gridville, mainiacjoe_overflow_paths, serial_shops,
          nicolae_shop_back_alley_shop, kennysheep_doodads, minmay_manual_mess

Skill      XL: |  1  2  3  4  5  6 |
---------------+-------------------+-----
Dodging        | 1 2 |  2.4
Armour         | 2 3 |  3.0
Polearms       | 1 |  1.5
Stealth        | 1 |  1.4
Fighting       | 4 |  4.3
Spellcasting   | 1 |  1.1
Axes           | 4 |  4.0

Action                     |  1- 3 |  4- 6 || total
---------------------------+-------+-------++-------
  Melee: Hand axe          |    90 |    94 ||   184
         Dagger            |    84 |    85 ||   169
         Flail             |       |     9 ||     9
  Evoke: Wand              |       |     1 ||     1
    Use: Potion            |       |     5 ||     5
         Scroll            |       |     9 ||     9
   Stab: Paralysed         |     1 |       ||     1
         Sleeping          |     2 |       ||     2
         Petrifying        |     1 |       ||     1
 Armour: Leather armour    |    72 |    47 ||   119
         Chain mail        |       |    27 ||    27
  Dodge: Dodged            |    41 |    41 ||    82

Table legend: (Time is in decaauts)
 A = Elapsed time spent in this place.
 B = Non-inter-level travel time spent in this place.
 C = Inter-level travel time spent in this place.
 D = Time resting spent in this place.
 E = Time spent auto-exploring this place.
 F = Levels seen in this place.
 G = Mean time per level.
                   A        B        C        D        E       F      G
               +--------+--------+--------+--------+--------+-----+--------+
         Total |   3316 |   2853 |    463 |      0 |   2352 |   5 |  663.2 |
       Dungeon |   3316 |   2853 |    463 |      0 |   2352 |   5 |  663.2 |
               +--------+--------+--------+--------+--------+-----+--------+

Top non-repeatable levels by time:
     D:3: 1063 daAuts
     D:2: 961 daAuts
     D:1: 870 daAuts
     D:4: 419 daAuts
     D:5: 2 daAuts
